 Dungeon Crawl Stone Soup version 0.32-a0-900-g30fb1b0edc (webtiles) character file.

Game seed: 15002330293638757740

231 Swimmer the Slasher (level 6, -7/47 HPs)
             Began as a Coglin Gladiator on Apr 5, 2024.
             Killed by nerve-wracking pain
             ... invoked by an orc priest
              (10 damage)
             ... on level 4 of the Dungeon.
             The game lasted 00:09:29 (2942 turns).

Swimmer the Slasher (Coglin Gladiator)              Turns: 2942, Time: 00:09:30

Health: -7/47      AC: 10    Str: 17    XL:     6   Next: 4%
Magic:  6/6        EV:  7    Int:  7    God:
Gold:   108        SH:  0    Dex: 15    Spells: 5/5 levels left

rFire   . . .        a - +0 long sword {Bor}
rCold   . . .        f - +0 dagger {Ajinder}
rNeg    . . .        p - +0 chain mail
rPois   .            q - +2 hat
rElec   .            (no cloak)
rCorr   .            (no gloves)
SInv    .            (no boots)
Will    .....        (amulet unavailable) Stlth
                     (ring unavailable)
HPRegen 0.27/turn    (ring unavailable)
MPRegen 0.10/turn    (no gizmo)

%: no passive effects
@: revved
A: off-hand wielding, slow wielding, warmup strikes, no jewellery
a: Invent Gizmo, Convert to Beogh


You were on level 4 of the Dungeon.
You visited 1 branch of the dungeon, and saw 4 of its levels.

You collected 108 gold pieces.

Inventory:

Hand Weapons
 a - a +0 long sword (weapon) {Bor}
 f - a +0 dagger (offhand) {Ajinder}
Missiles
 d - 3 throwing nets (quivered)
 e - a javelin
 n - 2 silver javelins
Armour
 b - a +0 leather armour
 c - a +0 helmet
 p - a +0 chain mail (worn)
 q - a +2 hat (worn)
Jewellery
 k - an amulet of reflection
Scrolls
 i - a scroll of enchant weapon {unknown}
 l - a scroll of amnesia {unknown}
 m - a scroll of blinking {unknown}
Potions
 h - 3 potions of heal wounds {unknown}
 j - 2 potions of might {unknown}
 o - a potion of ambrosia {unknown}


   Skills:
 + Level 3.1 Fighting
 + Level 0.6(2.5) Short Blades
 + Level 4.4(4.5) Long Blades
 + Level 1.9 Throwing
 + Level 2.1 Armour
 + Level 3.4 Dodging
 + Level 0.2 Stealth


You had 5 spell levels left.
You didn't know any spells.
Your spell library contained the following spells:

 Spells                   Type           Power      Damage    Failure   Level
 Magic Dart               Conj           0%         1d3       99%         1
 Searing Ray              Conj           0%         2d4       100%        2
 Stone Arrow              Conj/Erth      0%         3d7       100%        3
 Animate Armour           Summ/Erth      0%         N/A       100%        4
 Fulminant Prism          Conj/Alch      0%         3d5       100%        4
 Lehudib's Crystal Spear  Conj/Erth      0%         10d2      100%        8


Dungeon Overview and Level Annotations

Branches:
Dungeon (4/15)
 Temple: D:4-7

Altars:
Elyvilon
Sif Muna

Shops:
D:1 (   D:2 =


Innate Abilities, Weirdness & Mutations

You can wield a second weapon in your off-hand.
It takes a long time for you to wield or remove held weapons.
Your first few attacks do less damage.
You cannot equip rings or amulets.


Message History

You hit the orc priest but do no damage.
The orc closely misses you. Something hits you but does no damage.
The orc priest invokes the aid of Beogh against you.
Pain shoots through your body!
* * * LOW HITPOINT WARNING * * *
Something hits you but does no damage.
The orc priest miscasts a cantrip.
The orc hits you but does no damage.
You hit the orc priest with your +0 long sword.
The orc priest shouts, "Beogh offers mercy even to people such as you.
Join us and be reborn!"
The orc priest is almost dead.
You closely miss the orc priest with your +0 dagger.
You hear some strange, mumbled words.
A magic dart appears from out of thin air!
The magic dart hits you.
* * * LOW HITPOINT WARNING * * *
The orc closely misses you.
The orc priest hits you but does no damage.
You feel better. The orc hits you but does no damage.
The orc priest shouts, "The Pantheon deserves no one's loyalty.
Let us show you the true path!" The orc priest closely misses you.
Something hits you but does no damage.
You feel better. Something hits you. The orc hits you with a +0 hand axe.
The orc priest calls down the wrath of Beogh upon you.
Pain shoots through your body!
You closely miss the orc priest with your +0 long sword.
The orc priest is almost dead.
You barely miss the orc priest with your +0 dagger.
The orc priest threatens, "Beogh's wrath is as vast as their mercy.
Make your choice!" The orc hits you but does no damage.
The orc priest invokes the aid of Beogh against you.
Beogh smites you!
* * * LOW HITPOINT WARNING * * *
Something hits you but does no damage.
You hit the orc priest with your +0 dagger.
The orc priest is almost dead.
You closely miss the orc priest with your +0 long sword.
The orc hits you but does no damage.
The orc priest mumbles some strange prayers to Beogh against you.
Pain shoots through your body!
You die...

....# #...
.<..####..#
#.....>.#
#.....# #...#
##)..# #....##
##..#.o##
##.####@{#
##.######o....#
#..†..####...##
≈≈≈≈...##.#...#
..># ≈≈≈≈...
#.....# ....#
≈≈≈≈... #.....#
..... ≈≈≈....
#.#.#.# .....
≈....#. #.....#
#### .[...##
#.....#


You could see an orc priest and an orc.

Vanquished Creatures
  A hound (D:4)
  A bombardier beetle (D:3)
  An orc priest (D:2)
  Robin (D:3)
  5 adders
  A ribbon worm (D:4)
  A dart slug (D:3)
  10 orcs
  5 endoplasms
  A giant cockroach (D:3)
  10 goblins
  6 hobgoblins
  2 kobolds
  6 quokkas
  5 ball pythons
  5 bats
  6 frilled lizards
  5 rats
72 creatures vanquished.

Notes
Turn   | Place    | Note
-------+----------+-------------------------------------------
     0 | D:1      | Swimmer the Coglin Gladiator began the quest for the Orb.
     0 | D:1      | Reached XP level 1. HP: 16/16 MP: 1/1
   195 | D:1      | Reached XP level 2. HP: 19/22 MP: 2/2
   224 | D:1      | Found Ola Dod's Weapon Boutique.
   711 | D:1      | Reached XP level 3. HP: 22/27 MP: 3/3
  1420 | D:2      | Found Tienk's Jewellery Emporium.
  1587 | D:3      | Reached XP level 4. HP: 21/34 MP: 4/4
  2124 | D:3      | Reached skill level 4 in Long Blades
  2127 | D:3      | Reached skill level 1 in Armour
  2142 | D:3      | Reached XP level 5. HP: 12/41 MP: 5/5
  2150 | D:3      | HP: 2/41 [poisoned by an adder]
  2469 | D:3      | Noticed Robin
  2498 | D:3      | Killed Robin
  2567 | D:3      | Found a shimmering blue altar of Sif Muna.
  2788 | D:4      | Found a white marble altar of Elyvilon.
  2892 | D:4      | Reached XP level 6. HP: 46/47 MP: 6/6
  2942 | D:4      | Killed from afar by an orc priest

Illustrated notes

Levels and vault maps discovered:
D:1:      roderic_crop_circles_arrival_small, layout_loops_corners,
          serial_shops, shop, chequers_garden
D:2:      layout_basic, serial_shops, shop
D:3:      layout_rooms, mainiacjoe_overflow_chevrons, uniq_robin
D:4:      layout_layer_cave, lemuel_crystal_altar, mainiacjoe_overflow_paths,
          temple_pool_b, columned_hall_lemuel

Skill      XL: |  1  2  3  4  5 |
---------------+----------------+-----
Dodging        | 3 |  3.4
Long Blades    | 4 |  4.4
Armour         | 1 2 |  2.1
Fighting       | 3 |  3.1
Short Blades   | |  0.6
Throwing       | |  1.9
Stealth        | |  0.2

Action                     |  1- 3 |  4- 6 || total
---------------------------+-------+-------++-------
  Melee: Long sword        |    74 |    99 ||   173
         Dagger            |    60 |    91 ||   151
    Use: Potion            |     1 |     3 ||     4
         Scroll            |     1 |       ||     1
 Armour: Leather armour    |    48 |    48 ||    96
         Chain mail        |       |    93 ||    93
  Dodge: Dodged            |    71 |    89 ||   160

Table legend: (Time is in decaauts)
 A = Elapsed time spent in this place.
 B = Non-inter-level travel time spent in this place.
 C = Inter-level travel time spent in this place.
 D = Time resting spent in this place.
 E = Time spent auto-exploring this place.
 F = Levels seen in this place.
 G = Mean time per level.
                   A        B        C        D        E       F      G
               +--------+--------+--------+--------+--------+-----+--------+
         Total |   2951 |   2847 |    104 |    661 |   1512 |   4 |  737.8 |
       Dungeon |   2951 |   2847 |    104 |    661 |   1512 |   4 |  737.8 |
               +--------+--------+--------+--------+--------+-----+--------+

Top non-repeatable levels by time:
     D:2: 1130 daAuts
     D:1: 976 daAuts
     D:3: 689 daAuts
     D:4: 154 daAuts
